 Dungeon Crawl Stone Soup version 0.31.0-1-g2c135a008e (webtiles) character file.

Game seed: 12414755150981851894

68 qw the Shooter (level 4, 0/35 HPs)
             Began as a Djinni Hunter on Jan 23, 2024.
             Slain by Grinder (6 damage)
             ... on level 3 of the Dungeon.
             The game lasted 00:00:04 (1900 turns).

qw the Shooter (Djinni Hunter)                      Turns: 1900, Time: 00:00:05

Health: 0/35       AC:  5    Str: 10    XL:     4   Next: 41%
Gold:   71         EV:  9    Int: 10    God:
                   SH:  0    Dex: 19

rFire   + + .        a - +0 shortbow
rCold   x . .        (shield currently unavailable)
rNeg    . . .        c - +0 leather armour
rPois   inf          b - +0 helmet
rElec   .            g - +0 cloak
rCorr   +            (no gloves)
SInv    .            (boots unavailable)
Will    .....        (no amulet)
Stlth   ++           e - ring of resist corrosion
HPRegen 0.25/turn    (no ring)
MPRegen 0.00/turn

%: infuse magic (-1 HP)
@: flying, constricted
A: sickness immunity, fire resistance 2, cold vulnerability 1, float, innate
caster, HP casting, extra vitality 1
a: no special abilities


You were on level 3 of the Dungeon.
You visited 1 branch of the dungeon, and saw 3 of its levels.

You collected 71 gold pieces.


Innate Abilities, Weirdness & Mutations

You are immune to sickness and miasma.
You are immune to poison.
Your flesh is very heat resistant. (rF++)
You are vulnerable to cold. (rC-)
You float through the air rather than walking.
You learn spells naturally, not from books.
Your magical power is your life essence.
You have superior vitality. (+4 MHP)


   Skills:
 - Level 3.1 Fighting
 - Level 4.0 Ranged Weapons
 + Level 2.5 Dodging
 - Level 0.7 Stealth


You knew the following spells:

 Your Spells              Type           Power      Damage    Failure   Level
a - Necrotise             Necr           0%         1d4       45%         1
Your spell library was empty.

Inventory:

Hand Weapons
 a - a +0 shortbow (weapon)
Armour
 b - a +0 helmet (worn)
 c - a +0 leather armour (worn)
 g - a +0 cloak (worn)
Jewellery
 e - a ring of resist corrosion (left hand)
 k - a +4 ring of protection
Wands
 l - a wand of iceblast (10)
 m - a wand of acid (3)
Scrolls
 n - a scroll of teleportation {unknown}
Potions
 d - a potion of might
 f - a potion of haste
 h - a potion of invisibility {unknown}
 i - a potion of attraction {unknown}
 j - a potion of resistance {unknown}

Dungeon Overview and Level Annotations

Branches:
Dungeon (3/15)

Altars:

Annotations:
D:3 Grinder


Message History

You kill the adder!
n - a scroll labelled DEJ QILEQOEBE
Found an escape hatch in the floor.
Grinder comes into view.
Grinder shouts!
Grinder blinks!
Grinder moves out of view.
Found a plate armour.
A quokka comes into view.
You shoot an arrow. The arrow hits the quokka.
The quokka is moderately wounded.
A ball python comes into view.
You shoot an arrow. The arrow closely misses the quokka.
The ball python hisses angrily.
Grinder blinks!
You shoot an arrow. The arrow barely misses Grinder.
The arrow closely misses the quokka.
You shoot an arrow. The arrow barely misses Grinder.
Grinder gestures at you. Pain shoots through your body!
You shoot an arrow. The arrow hits the quokka!
You kill the quokka!
Grinder hits you.
You writhe in agony.
You shoot an arrow. The arrow hits Grinder.
Grinder is lightly wounded.
The ball python closely misses you. The ball python grabs you.
The ball python constricts you. Grinder hits you. The ball python bites you.
The ball python constricts you.
You shoot an arrow. The arrow hits the ball python.
The ball python is heavily wounded.
Grinder gestures at you. You resist with significant effort.
The ball python barely misses you. The ball python constricts you.
You shoot an arrow.
The arrow closely misses the ball python.
The ball python barely misses you. The ball python constricts you.
Grinder gestures at you. Pain shoots through your body!
The ball python closely misses you. The ball python constricts you.
Grinder hits you.
You die...
Grinder sighs, "Dead already?
I want a refund."

####.........#
###....###......#
#...#### #.##.#.# #.###
#.. .... ####.# ##.. ...
.....# ## .. #.
.########### ....
####.......# #####.....
..##%......####.@5...#
#.....=....#.....S...#
####.........##.........
.........>.###..........
####.......# #.........[
.....####### #..>.......
###### #..........
#.......... #.........


You could see Grinder and a ball python.

Vanquished Creatures
  A gnoll (D:1)
  3 adders
  4 bats (D:2)
  3 endoplasms
  3 goblins
  4 hobgoblins
  A quokka (D:3)
  5 ball pythons
  3 frilled lizards
  5 kobolds
  2 rats (D:1)
34 creatures vanquished.

Notes
Turn   | Place    | Note
-------+----------+-------------------------------------------
     0 | D:1      | qw the Djinni Hunter began the quest for the Orb.
     0 | D:1      | Reached XP level 1. HP: 18/18 MP: 0/0
     0 | D:1      | 0 ||| qw: Version: 0.3-a-136-gdd3b4e8
     0 | D:1      | 0 ||| qw: Game counter: 980
     0 | D:1      | 0 ||| qw: Melee chars always use a shield: true
     0 | D:1      | 0 ||| qw: God list: Okawaru
     0 | D:1      | 0 ||| qw: Allow faded altars: false
     0 | D:1      | 0 ||| qw: Do Orc after clearing Dungeon:15 true
     0 | D:1      | 0 ||| qw: Do second Lair branch before Depths: true
     0 | D:1      | 0 ||| qw: Lair rune preference: random
     0 | D:1      | 0 ||| qw: Goals: Normal
     0 | D:1      | 0 ||| PLANNING D:1-11
   220 | D:1      | Found a faded altar of an unknown god.
   306 | D:1      | Reached XP level 2. HP: 23/23 MP: 0/0
   662 | D:1      | Reached XP level 3. HP: 28/28 MP: 0/0
   662 | D:1      | Learned a level 1 spell: Necrotise
   874 | D:1      | Reached skill level 4 in Ranged Weapons
   918 | D:1      | 918 ||| UPGRADING to +0 cloak.
   923 | D:1      | 923 ||| READING scroll labelled EPEVAQ XIDIE.
   923 | D:1      | 923 ||| IDENTIFYING fuming yellow potion
   924 | D:1      | 924 ||| READING scroll labelled JAONEFR JADERI.
   925 | D:1      | 925 ||| DROPPING scroll of butterflies.
  1763 | D:2      | 1763 ||| UPGRADING to +0 helmet.
  1768 | D:2      | 1768 ||| UPGRADING to ring of resist corrosion.
  1769 | D:2      | 1769 ||| READING scroll of identify.
  1769 | D:2      | 1769 ||| IDENTIFYING purple potion
  1817 | D:3      | Reached XP level 4. HP: 32/34 MP: 0/0
  1823 | D:3      | Reached skill level 3 in Fighting
  1891 | D:3      | Noticed Grinder
  1900 | D:3      | HP: 6/35 [Grinder/nerve-wracking pain (8)]
  1900 | D:3      | Slain by Grinder

Levels and vault maps discovered:
D:1:      dpeg_arrival_lava_temple_mockup, layout_loops_corners,
          basic_ecumenical_altar
D:2:      layout_loops_corners, kennysheep_generic_room_11
D:3:      layout_rooms, minmay_statues_item, uniq_grinder

Skill      XL: |  1  2  3  4 |
---------------+-------------+-----
Ranged Weapons | 4 |  4.0
Fighting       | 3 |  3.1
Dodging        | |  2.5
Stealth        | |  0.7

Action                     |  1- 3 |  4- 6 || total
---------------------------+-------+-------++-------
   Fire: Shortbow          |    82 |    17 ||    99
    Use: Scroll            |     3 |       ||     3
 Armour: Leather armour    |    15 |     6 ||    21
  Dodge: Dodged            |    15 |     7 ||    22

Table legend:
 A = Non-vault XP
 B = Vault XP
 C = Vault XP percentage of total XP
 D = Non-vault monster count
 E = Vault monster count
 F = Vault count percentage of total count
                 A         B        C        D         E       F
            +---------+---------+-------+---------+---------+-------
      Total |      97 |       1 |   1.0 |      33 |       1 |   2.9
            +---------+---------+-------+---------+---------+-------
        D:1 |      30 |       0 |   0.0 |      12 |       0 |   0.0
        D:2 |      32 |       1 |   3.0 |      14 |       1 |   6.7
        D:3 |      35 |       0 |   0.0 |       7 |       0 |   0.0
            +---------+---------+-------+---------+---------+-------
